AoeStats
← Fulpixsicarius

Arena

509928118Analyzed
4v4 RM · 3d ago on Sep 28, 2026· 53m 0s· 8 players
Game mode
Random Map
Map size
Large (8 player)
Population
200
Speed
Normal
Resources
Standard
Victory
Conquest
Starting age
Dark Age
Ending age
Imperial Age
RankedLock teamsTeams togetherTeam positionsShared explorationLock speedFull tech treeHidden civsTurbo modeCheats
Victory
Defeat
🇨🇳 Magyars · China
783
+16
🇺🇸 Bohemians · United States
770
+17
🇧🇷 Teutons · Brazil
751
+17
🇺🇸 Franks · United States
725
+18
🇸🇪 Varangians · Sweden
821
-18
🇸🇪 Danes · Sweden
789
-17
🇺🇸 Celts · United States
772
-17
🇳🇱 Bohemians · Netherlands
749
-16
hmbrick
12:05 Feudal Age
12:44 Double-Bit Axe
12:44 Horse Collar
13:15 Town Watch
15:56 Wheelbarrow
15:59 Arson
18:52 Man-at-Arms
21:59 Gold Mining
23:08 Forging
22:59 Scale Mail Armor
26:14 Castle Age
24:19 Stone Mining
26:13 Padded Archer Armor
26:04 Fletching
27:36 Town Patrol
27:53 Hand Cart
27:49 Caravan
28:34 Iron Casting
28:14 Chain Mail Armor
27:45 Long Swordsman
27:46 Pikeman
27:49 Crossbowman
30:53 Bodkin Arrow
31:14 Leather Archer Armor
31:19 Fortified Wall
33:36 Bow Saw
34:36 Heavy Plow
43:21 Imperial Age
41:49 Murder Holes
41:47 Stronghold
Fulpixsicarius
11:55 Loom
15:32 Feudal Age
16:14 Double-Bit Axe
16:13 Horse Collar
18:59 Arson
23:25 Castle Age
22:58 Scale Mail Armor
23:09 Forging
24:14 Heavy Plow
23:53 Pikeman
24:35 Squires
27:02 Chemistry
27:18 Ballistics
29:28 Wheelbarrow
28:40 Town Watch
29:11 Bow Saw
32:21 Murder Holes
33:12 Hand Cart
34:22 Wagenburg Tactics
38:58 Imperial Age
36:41 Fletching
43:25 Conscription
Baron3n
12:32 Feudal Age
14:10 Double-Bit Axe
18:25 Castle Age
17:56 Stone Mining
18:03 Gold Mining
19:04 Loom
20:51 Wheelbarrow
30:16 Imperial Age
28:06 Hand Cart
27:17 Pikeman
27:58 Squires
29:00 Arson
31:29 Scale Mail Armor
31:23 Elite Skirmisher
31:26 Crossbowman
34:04 Chemistry
33:25 Ballistics
32:58 Capped Ram
35:13 Forging
35:27 Halberdier
39:23 Chain Mail Armor
39:44 Iron Casting
40:00 Murder Holes
39:56 Heated Shot
41:28 Elite Varangian Guard
43:01 Hamask
46:46 Fletching
46:56 Padded Archer Armor
48:00 Thumb Ring
48:30 Leather Archer Armor
48:21 Scale Barding Armor
47:58 Cranequins
vetegroddan
11:37 Feudal Age
15:33 Castle Age
14:33 Double-Bit Axe
14:38 Horse Collar
17:29 Bow Saw
24:32 Wheelbarrow
25:30 Loom
25:31 Town Watch
32:03 Imperial Age
29:49 Hand Cart
30:14 Vendel Legacy
31:07 Scale Barding Armor
31:13 Forging
31:12 Husbandry
31:28 Bloodlines
32:09 Cavalier
33:12 Conscription
33:32 Gold Mining
33:33 Stone Mining
34:26 Siege Engineers
34:04 Treadmill Crane
35:27 Chemistry
34:40 Fortified Wall
35:22 Chain Barding Armor
35:41 Iron Casting
36:05 Capped Ram
39:38 Siege Ram
53:33 Two-Man Saw
52:37 Heavy Plow
Boundless316
11:08 Feudal Age
12:27 Wheelbarrow
11:41 Double-Bit Axe
11:38 Horse Collar
14:34 Loom
19:19 Castle Age
20:17 Hand Cart
20:17 Bow Saw
20:19 Heavy Plow
33:13 Imperial Age
30:32 Town Watch
33:34 Chemistry
32:55 Ballistics
32:48 Masonry
32:36 Fletching
33:02 Caravan
33:37 Coinage
36:23 Two-Man Saw
35:39 Fortified Wall
35:50 Bodkin Arrow
35:55 Padded Archer Armor
35:56 Scale Mail Armor
36:06 Forging
36:30 Banking
36:11 Guilds
36:30 Conscription
37:25 Wagenburg Tactics
37:13 Pikeman
38:19 Town Patrol
40:35 Bracer
40:51 Leather Archer Armor
40:52 Chain Mail Armor
41:12 Iron Casting
40:51 Siege Engineers
40:44 Murder Holes
41:51 Houfnice
43:35 Squires
43:21 Arson
46:27 Ring Archer Armor
46:28 Plate Mail Armor
46:58 Blast Furnace
46:06 Scale Barding Armor
48:15 Architecture
48:08 Bombard Tower
47:34 Arrowslits
48:19 Chain Barding Armor
49:08 Man-at-Arms
49:09 Halberdier
49:17 Elite Hussite Wagon
50:04 Hussite Reforms
49:30 Sappers
JT One
0:35 Loom
12:22 Feudal Age
13:04 Double-Bit Axe
19:01 Castle Age
22:17 Elite Skirmisher
24:28 Bow Saw
25:49 Wheelbarrow
26:51 Husbandry
27:11 Scale Barding Armor
27:06 Scale Mail Armor
27:07 Padded Archer Armor
28:17 Gold Mining
28:23 Stone Mining
33:01 Imperial Age
31:34 Hand Cart
31:06 Pikeman
32:15 Chain Barding Armor
31:48 Fletching
33:35 Gold Shaft Mining
34:01 Chain Mail Armor
33:57 Forging
35:37 Caravan
37:59 Chemistry
37:15 Cavalier
40:19 Plate Barding Armor
40:20 Iron Casting
40:16 Plate Mail Armor
40:02 Leather Archer Armor
39:43 Bodkin Arrow
40:07 Heavy Scorpion
47:05 Paladin
Cramunhão
7:34 Loom
9:31 Feudal Age
11:14 Wheelbarrow
10:32 Gold Mining
10:29 Double-Bit Axe
11:35 Stone Mining
11:30 Horse Collar
11:39 Town Watch
19:26 Castle Age
20:22 Hand Cart
20:18 Bow Saw
20:13 Heavy Plow
20:51 Stone Shaft Mining
20:54 Town Patrol
29:55 Town Patrol
30:45 Fervor
30:48 Bloodlines
31:02 Ballistics
30:52 Masonry
30:55 Fortified Wall
30:48 Squires
30:33 Arson
30:42 Fletching
31:03 Forging
30:58 Scale Barding Armor
30:54 Scale Mail Armor
31:41 Bodkin Arrow
35:54 Imperial Age
33:32 Town Patrol
34:28 Iron Casting
34:08 Chain Mail Armor
34:13 Chain Barding Armor
36:25 Ironclad
36:18 Cavalier
38:05 Chemistry
37:12 Siege Engineers
38:17 Two-Man Saw
37:50 Crop Rotation
38:26 Blast Furnace
38:02 Plate Barding Armor
37:58 Plate Mail Armor
37:51 Conscription
38:08 Hoardings
36:58 Elite Teutonic Knight
37:59 Paladin
40:44 Crenellations
✪Sky
11:03 Feudal Age
12:17 Horse Collar
12:23 Double-Bit Axe
18:12 Castle Age
21:16 Bow Saw
21:08 Heavy Plow
21:56 Scale Barding Armor
27:02 Gold Mining
27:03 Stone Mining
27:59 Corvinian Army
29:14 Bloodlines
30:06 Husbandry
30:53 Wheelbarrow
30:05 Loom
30:05 Town Watch
31:12 Gold Shaft Mining
33:03 Chain Barding Armor
34:42 Hand Cart
36:57 Imperial Age
37:09 Elite Magyar Huszar
38:14 Cavalier
39:32 Plate Barding Armor
39:18 Town Patrol
39:55 Conscription
39:55 Cavalier
47:54 Caravan
48:25 Coinage
49:43 Banking
49:10 Fletching
49:20 Padded Archer Armor
49:55 Crop Rotation
50:27 Two-Man Saw
51:13 Hoardings
50:39 Recurve Bow
50:53 Paladin
51:32 Bodkin Arrow
51:52 Leather Archer Armor
51:22 Treadmill Crane
52:03 Ballistics
52:44 Chemistry
51:35 Heated Shot
51:55 Masonry
51:51 Siege Engineers
Connection lost

Rejoining the realm…

Still unreachable

The connection could not be restored.

Session expired

The server has moved on; the page needs a fresh start.